 Dungeon Crawl Stone Soup version 0.29.1-2-gbd0b4ee654 (webtiles) character file.

Game seed: 17723212032804561810

4586 tevo3000 the Slicer (level 10, -4/64 HPs)
             Began as a Kobold Brigand on Nov 28, 2022.
             Was a Believer of Dithmenos.
             Slain by a yak (5 damage)
             ... on level 9 of the Dungeon.
             The game lasted 00:19:31 (8105 turns).

tevo3000 the Slicer (Kobold Brigand)                Turns: 8105, Time: 00:19:33

Health: -4/64      AC: 22    Str:  9    XL:     10   Next: 68%
Magic:  10/10      EV:  9    Int: 10    God:    Dithmenos [**....]
Gold:   376        SH:  0    Dex: 27    Spells: 9/9 levels left

rFire   . . .      SeeInvis .   H - +4 dagger (flame)
rCold   . . .      Faith    .   (no shield)
rNeg    . . .      Spirit   .   B - +8 chain mail "Adaken" {rPois Int-2 Dex+6 Stlth+}
rPois   +          Reflect  .   (no helmet)
rElec   .          Harm     .   c - +0 cloak
rCorr   .          Rampage  .   t - +0 pair of gloves
Will    .....                   (no boots)
Stlth   +++++.....              (no amulet)
HPRegen 0.20/turn               y - ring of wizardry
MPRegen 0.12/turn               K - +4 ring of protection

@: on berserk cooldown, hasted and slowed, wreathed by umbra
A: small, no large weapons, nightstalker 3
a: Renounce Religion, Shadow Step


You were on level 9 of the Dungeon.
You worshipped Dithmenos.
Dithmenos was pleased with you.
You visited 2 branches of the dungeon, and saw 10 of its levels.

You collected 376 gold pieces.

Inventory:

Hand Weapons
 a - a +2 dagger
 g - a +1 dagger of venom
 i - a +3 dagger of protection
 G - the +1 long sword of Offence {freeze, rF+ rN+}
   (You found it on level 6 of the Dungeon)

   It freezes those it strikes, dealing additional cold damage.
   It can also slow down cold-blooded creatures.
   rF:        It protects you from fire.
   rN:        It protects you from negative energy.
 H - a +4 dagger of flaming (weapon)
Missiles
 d - 42 poisoned darts (quivered)
 e - 3 curare-tipped darts
Armour
 b - a +0 robe
 c - a +0 cloak (worn)
 t - a +0 pair of gloves (worn)
 B - the +8 chain mail "Adaken" (worn) {rPois Int-2 Dex+6 Stlth+}
   (You found it on level 4 of the Dungeon)

   Int:       It affects your intelligence (-2).
   Dex:       It affects your dexterity (+6).
   rPois:     It protects you from poison.
   Stlth:     It makes you more stealthy.
Jewellery
 u - an amulet of magic regeneration
 y - a ring of wizardry (left hand)
 J - a ring of magical power
 K - a +4 ring of protection (right hand)
 O - a +4 ring of slaying
Wands
 C - a wand of mindburst (12)
 I - a wand of flame (23)
Scrolls
 f - a scroll of immolation {unknown}
 j - a scroll of poison {unknown}
 m - 2 scrolls of noise
 p - 4 scrolls of amnesia
 q - 2 scrolls of enchant weapon {unknown}
 r - a scroll of acquirement {unknown}
 s - 2 scrolls of magic mapping {unknown}
 v - 2 scrolls of blinking {unknown}
 A - 3 scrolls of identify
 F - a scroll of fog
 L - a scroll of torment {unknown}
 M - 2 scrolls of vulnerability {unknown}
Potions
 h - a potion of heal wounds
 k - a potion of mutation {unknown}
 l - a potion of resistance {unknown}
 o - 2 potions of might {unknown}
 w - 2 potions of flight {unknown}
 x - a potion of lignification {unknown}
 z - 2 potions of attraction {unknown}
 D - 2 potions of curing
 E - a potion of degeneration {unknown}
 N - a potion of haste


   Skills:
 + Level 7.6 Fighting
 * Level 12.5 Short Blades
 - Level 2.1 Throwing
 + Level 8.0 Dodging
 + Level 10.9 Stealth


You had 9 spell levels left.
You didn't know any spells.
Your spell library contained the following spells:

 Spells                   Type           Power      Damage    Failure   Level
 Scorch                   Fire           0%         2d5       100%        2
 Ozocubu's Armour         Ice            0%         N/A       100%        3
 Flame Wave               Conj/Fire      0%         2d4       100%        4
 Blade Hands              Tmut           0%         N/A       100%        5
 Irradiate                Conj/Tmut      0%         3d11      100%        5
 Iskenderun's Battlesphe  Conj           0%         2d6       100%        5
 Iron Shot                Conj/Erth      0%         9d1       100%        6
 Summon Cactus Giant      Summ           0%         N/A       100%        6
 Dragon Form              Tmut           0%         N/A       100%        7
 Ozocubu's Refrigeration  Ice            0%         4d7       100%        7
 Spellforged Servitor     Conj/Summ      0%         N/A       100%        7


Dungeon Overview and Level Annotations

Branches:
Dungeon (9/15)             Temple (1/1) D:4
   Lair: D:8-11         Orc: D:9-12

Altars:
Ashenzari
Cheibriados
Dithmenos
Elyvilon
Fedhas
Gozag
Hepliaklqana
Kikubaaqudgha
Makhleb
Nemelex Xobeh
Okawaru
Qazlal
Ru
Sif Muna
Trog
Uskayaw
Vehumet
Wu Jian
Xom
Yredelemnul
Zin
The Shining One

Shops:
D:3 ?   D:7 (


Innate Abilities, Weirdness & Mutations

You are small and have problems with some larger weapons.
You are completely attuned to the shadows.


Message History

* * * LOW HITPOINT WARNING * * *
You closely miss the killer bee.
The killer bee is heavily wounded.
The killer bee closely misses you.
You miss the killer bee.
The killer bee is heavily wounded.
The killer bee closely misses you.
The slime creature hits you but does no damage.
You puncture the killer bee! You burn the killer bee.
You kill the killer bee!
Dithmenos accepts your kill.
The killer bee stings you but does no damage.
The killer bee closely misses you.
You completely miss the killer bee. You closely miss the killer bee.
The killer bee completely misses you.
You puncture the killer bee! You burn the killer bee.
The killer bee is severely wounded.
You are no longer berserk.
You are exhausted.
You feel yourself slow down.
The killer bee stings you but does no damage.
The slime creature closely misses you.
You puncture the killer bee! You burn the killer bee.
You kill the killer bee!
Dithmenos accepts your kill. The yak barely misses you.
Things that are here:
a killer bee corpse; a killer bee corpse You hit the yak.
You burn the yak.
The yak is lightly wounded.
The slime creature hits you but does no damage.
The yak gores you but does no damage.
You barely miss the yak.
The yak is lightly wounded.
You hit the yak. You burn the yak.
The yak is moderately wounded.
The slime creature hits you!
* * * LOW HITPOINT WARNING * * *
The yak gores you.
You die...

....# ....# #####
#.... ....# #...
........
....####.#####..##...
...........†..>......
....####.............
....# #)#####..Y....
....# #.# #.#@#.##
....# #.. ...#J# #
....## ###.#D# #
###..#### #.#F#§##
##....######§#u§§..
...............h§y.##
###.##..##.###.###.#
#. #..##...#.# .# #.
#..####.#.# .#


You could see a four-headed hydra, a slime creature and a yak.

Vanquished Creatures
  A slime creature (D:9)
  Joseph (D:7)
  An unseen horror (D:7)
  Prince Ribbit (D:5)
  A hornet (D:9)
  A yak (D:9)
  Eustachio (D:5)
  2 water moccasins
  A sky beast (D:7)
  3 ogres
  2 orc warriors (D:7)
  3 centaurs
  2 kobold brigands (D:6)
  3 bullfrogs
  A necrophage (D:7)
  4 scorpions
  13 killer bees
  2 howler monkeys
  4 hounds
  4 orc priests
  2 jellies
  2 iguanas
  5 orc wizards
  6 gnolls (D:3)
  6 adders
  A white imp (D:7)
  An ufetubus (D:4)
  A worm (D:4)
  A dart slug (D:1)
  20 orcs
  6 endoplasms
  5 giant cockroaches
  4 goblins
  4 hobgoblins
  5 jackals
  22 kobolds
  6 quokkas
  5 ball pythons
  4 bats
  5 frilled lizards
  8 rats
170 creatures vanquished.

Vanquished Creatures (others)
  An orc wizard (D:8)
  6 fungi (D:9)
  15 plants (D:9)
22 creatures vanquished.

Grand Total: 192 creatures vanquished

Notes
Turn   | Place    | Note
-------+----------+-------------------------------------------
     0 | D:1      | tevo3000 the Kobold Brigand began the quest for the Orb.
     0 | D:1      | Reached XP level 1. HP: 12/12 MP: 1/1
    61 | D:1      | Reached skill level 3 in Short Blades
    67 | D:1      | Reached XP level 2. HP: 17/18 MP: 2/2
   501 | D:1      | Reached XP level 3. HP: 22/22 MP: 3/3
  1663 | D:3      | Reached skill level 4 in Short Blades
  1663 | D:3      | Reached XP level 4. HP: 27/27 MP: 4/4
  1748 | D:3      | Found a faded altar of an unknown god.
  1941 | D:3      | Reached XP level 5. HP: 15/32 MP: 5/5
  2203 | D:3      | Found a broken altar of Ashenzari.
  2255 | D:3      | Found Arrilin's Magic Scroll Boutique.
  2384 | D:4      | Reached skill level 5 in Short Blades
  2386 | D:4      | Reached XP level 6. HP: 37/37 MP: 6/6
  2777 | D:4      | Reached skill level 6 in Short Blades
  2793 | D:4      | Reached XP level 7. HP: 42/42 MP: 7/7
  3026 | D:4      | Identified the +8 chain mail "Adaken" {rPois Int-2 Dex+6
                  | Stlth+}
  3031 | D:4      | Found a staircase to the Ecumenical Temple.
  3062 | Temple   | Entered the Ecumenical Temple
  3130 | Temple   | Became a worshipper of Dithmenos the Shadowed
  3514 | D:5      | Entered Level 5 of the Dungeon
  3584 | D:5      | Reached skill level 7 in Short Blades
  3717 | D:5      | Reached XP level 8. HP: 38/48 MP: 8/8
  4075 | D:5      | Found a burning altar of Makhleb.
  4075 | D:5      | Noticed Eustachio
  4095 | D:5      | Found an iron altar of Okawaru.
  4099 | D:5      | Noticed Prince Ribbit
  4130 | D:5      | Killed Prince Ribbit
  4131 | D:5      | Reached skill level 5 in Fighting
  4131 | D:5      | Reached skill level 8 in Short Blades
  4131 | D:5      | Reached skill level 5 in Dodging
  4350 | D:5      | Killed Eustachio
  4589 | D:5      | Reached skill level 9 in Short Blades
  4589 | D:5      | Reached XP level 9. HP: 54/54 MP: 9/9
  4733 | D:6      | Identified the +1 long sword of Offence {freeze, rF+ rN+}
  5005 | D:6      | Reached * piety under Dithmenos
  5162 | D:6      | Reached skill level 10 in Short Blades
  5539 | D:6      | Found a sparkling altar of Nemelex Xobeh.
  5726 | D:6      | Found a white marble altar of Elyvilon.
  6031 | D:7      | Found Alef's Antique Weapon Boutique.
  6275 | D:7      | Killed an unseen horror
  6702 | D:7      | Noticed Joseph
  6706 | D:7      | Killed Joseph
  6707 | D:7      | Reached skill level 11 in Short Blades
  6707 | D:7      | Reached skill level 10 in Stealth
  6707 | D:7      | Reached XP level 10. HP: 61/61 MP: 10/10
  7976 | D:9      | Reached skill level 12 in Short Blades
  8049 | D:9      | Noticed a four-headed hydra
  8051 | D:9      | Noticed a brown ugly thing
  8062 | D:9      | Noticed a manticore
  8073 | D:9      | HP: 2/63 [four-headed hydra (2)]
  8077 | D:9      | Reached ** piety under Dithmenos
  8105 | D:9      | HP: 1/64 [slime creature (12)]
  8105 | D:9      | Slain by a yak

Illustrated notes

Levels and vault maps discovered:
D:1:      minmay_arrival_doors, layout_rooms
D:2:      layout_rooms, patterned_corridor
D:3:      layout_basic, nicolae_ashenzari_skybound,
          hellmonk_ecumenical_altar_pennies_from_heaven, serial_shops,
          nicolae_lakefront_shop
D:4:      layout_basic, minmay_temple_entry_ruins
D:5:      layout_rooms, okawaru_gym_becter, overflow_temple_1_default,
          uniq_eustachio, uniq_prince_ribbit1
D:6:      layout_basic, nicolae_overflow_hidden_temple, kennysheep_mini
D:7:      layout_basic, serial_shops, shop, uniq_joseph
D:8:      layout_basic, serial_aquarium, aquarium_bridge_square
          [aquarium_subvault_bridge, aquarium_subvault_bridge,
          aquarium_subvault_wall, aquarium_subvault_bridge], aquarium_window_1,
          aquarium_window_corridor_1, aquarium_window_fake, aquarium_view_2e,
          aquarium_view_2d, hex_intersection
D:9:      layout_basic, due_lair_maze_entry_diamond, serial_shops,
          nicolae_shop_bloodbath_and_beyond, serial_bayou, serial_bayou_shore_b,
          serial_bayou_lagoon_a, serial_bayou_pond_b, serial_bayou_shore_a,
          minmay_diamond_spiral
Temple:   minmay_crystal_spiral_temple

Skill      XL: |  1  2  3  4  5  6  7  8  9 10 |
---------------+-------------------------------+-----
Short Blades   | 3 4 5 6 7 9 11 12 | 12.5
Dodging        | 2 3 4 5 7 8 |  8.0
Fighting       | 3 4 5 6 7 |  7.6
Stealth        | 6 7 8 10 | 10.9
Throwing       | |  2.1

Action                   |  1- 3 |  4- 6 |  7- 9 | 10-12 || total
-------------------------+-------+-------+-------+-------++-------
Melee: Dagger            |    78 |    82 |   349 |   113 ||   622
       Punch             |       |       |     7 |     2 ||     9
  Use: Potion            |       |     3 |     2 |     8 ||    13
       Scroll            |       |     3 |       |     2 ||     5
 Stab: Sleeping          |    21 |    16 |    24 |     7 ||    68
       Distracted        |       |       |     3 |       ||     3
Armor: Robe              |    14 |    15 |     6 |       ||    35
       Chain mail        |       |       |   168 |    85 ||   253
Dodge: Dodged            |    45 |    32 |    84 |    54 ||   215
